 Dungeon Crawl Stone Soup version 0.18.1-48-g4cf74bf (webtiles) character file.

31 GameOver the Changer (level 3, -1/31 HPs)
             Began as a Naga Transmuter on Sept 12, 2016.
             Slain by a gnoll
             ... wielding a +0 spear
              (5 damage)
             ... on level 2 of the Dungeon.
             The game lasted 00:02:48 (710 turns).

GameOver the Changer (Naga Transmuter)               Turns: 710, Time: 00:02:49

Health: -1/31      AC:  2    Str: 12    XL:     3   Next: 22%
Magic:  6/6        EV:  9    Int: 14    God:
Gold:   23         SH:  0    Dex: 11    Spells: 3 memorised, 0 levels left

rFire  . . .     SeeInvis +       - Unarmed
rCold  + . .     Gourm    .     r - +0 leather armour
rNeg   . . .     Faith    .     (no shield)
rPois  +         Spirit   .     (no helmet)
rElec  .         Dismiss  .     (no cloak)
rCorr  .         Reflect  .     (no gloves)
SustAt .         Harm     .     (no barding)
MR     .....     Rnd*Tele +     (no amulet)
Stlth  +.........               f - ring of protection from cold
                                i - ring of teleportation (curse)

@: appendage (expiring), very slow, not resistant to hostile enchantments, very
unstealthy
A: horns 2, see invisible, deformed body, poison resistance, slowness 2, slow
metabolism 1, spit poison 2, AC +1
a: Spit Poison, End Transformation


You were on level 2 of the Dungeon.
You were not hungry.
You had grown temporary horns.
You visited 1 branch of the dungeon, and saw 2 of its levels.

You collected 23 gold pieces.

Inventory:

Missiles
 a - 36 arrows
Armour
 r - a +0 leather armour (worn)
Jewellery
 f - a ring of protection from cold (right hand)
 i - a cursed ring of teleportation (left hand)
Scrolls
 h - a scroll of teleportation {unknown}
 j - a scroll of fear {unknown}
 l - a scroll of enchant armour {unknown}
Potions
 e - 2 potions of heal wounds {unknown}
 g - a potion of flight {unknown}
 k - 2 potions of curing {unknown}
 m - a potion of cure mutation {unknown}
 n - a potion of agility {unknown}
 o - a potion of lignification {unknown}
Books
 c - a book of Changes

   Spells                             Type                      Level
   a - Beastly Appendage              Transmutation                1
   b - Sticks to Snakes               Transmutation                2
   c - Spider Form                    Transmutation/Poison         3
   d - Ice Form                       Ice/Transmutation            4
   e - Blade Hands                    Transmutation                5
Comestibles
 d - a bread ration
 p - 3 chunks of flesh
 q - a meat ration


   Skills:
 - Level 1.0 Fighting
 - Level 1.5 Dodging
 - Level 3.0 Unarmed Combat
 - Level 2.0 Spellcasting
 + Level 3.5 Transmutations
 + Level 0.0 Poison Magic


You couldn't memorise any spells.
You knew the following spells:

 Your Spells              Type           Power        Failure   Level  Hunger
a - Beastly Appendage     Trmt           ##....       10%         1    ##.....
b - Sticks to Snakes      Trmt           ##......     12%         2    ###....
c - Spider Form           Trmt/Pois      #.........   50%         3    ####...


Dungeon Overview and Level Annotations

Branches:
Dungeon (2/15)

Altars:


Innate Abilities, Weirdness & Mutations

You cannot wear boots.
Your serpentine skin is tough (AC +1).
You have supernaturally acute eyesight.
Armour fits poorly on your strangely shaped body.
Your system is resistant to poisons.
You cover ground very slowly.
You have a slow metabolism.
You can spit poison.
You have a pair of horns on your head.


Message History

an uncursed hunting sling of velocity; 16 sling bullets; a goblin corpse You butcher the goblin corpse.
p - 3 chunks of flesh (gained 2)
Things that are here:
an uncursed hunting sling of velocity; 16 sling bullets; a goblin skeleton You start resting.
Magic restored.
Found a stone staircase leading down.
Your transformation is almost over.
You are suddenly yanked towards some nearby monsters!
Your surroundings suddenly seem different.
A gnoll comes into view.
The gnoll shouts!
A gnoll comes into view. It is wielding a spear.
The gnoll shouts!
You hear a shout! x2
The gnoll hits you.
The gnoll hits you from afar with a spear.
* * * LOW HITPOINT WARNING * * *
The gnoll hits you from afar with a spear.
You die...

#.###
# # #
. ###
# ..#
#g#
#.#
#@#
#g#
g.#
####


You could see 3 gnolls.

Vanquished Creatures
  An adder (D:2)
  A dart slug (D:2)
  A bat (D:1)
  3 giant cockroaches
  4 goblins
  2 hobgoblins
  A quokka (D:2)
  A giant newt (D:2)
  3 kobolds
  2 rats
19 creatures vanquished.

Notes
Turn   | Place    | Note
--------------------------------------------------------------
     0 | D:1      | GameOver the Naga Transmuter began the quest for the Orb.
     0 | D:1      | Reached XP level 1. HP: 18/18 MP: 3/3
   109 | D:1      | Reached XP level 2. HP: 21/25 MP: 3/5
   113 | D:1      | Learned a level 2 spell: Sticks to Snakes
   659 | D:2      | Reached XP level 3. HP: 27/31 MP: 4/6
   681 | D:2      | Learned a level 3 spell: Spider Form
   710 | D:2      | Slain by a gnoll

Skill      XL: |  1  2 |
---------------+-------+-----
Transmutations | 3 |  3.5
Fighting       | |  1.0
Dodging        | |  1.5
Unarmed Combat | |  3.0
Spellcasting   | |  2.0

Action                   || total
-------------------------++-------
Melee: Unarmed           ||    34
       Headbutt          ||     5
 Cast: Beastly Appendage ||    10
 Abil: Spit Poison       ||    16
Armor: Robe              ||     1
Dodge: Dodged            ||    23
